 Dungeon Crawl Stone Soup version 0.25.1-2-g60ff931df9 (webtiles) character file.

Game seed: 6306566219031696785

2223 DogServant the Frost Mage (level 9, -24/49 HPs)
             Began as a Vine Stalker Ice Elementalist on Oct 18, 2020.
             Was a Follower of Nemelex Xobeh.
             Hit by a large rock thrown by a cyclops (43 damage)
             ... on level 7 of the Dungeon.
             The game lasted 00:15:17 (6247 turns).

DogServant the Frost Mage (VSIE)                    Turns: 6247, Time: 00:15:19

Health: -24/49     AC:  5    Str: 10    XL:     9   Next: 35%
Magic:  0/13       EV: 12    Int: 22    God:    Nemelex Xobeh [*.....]
Gold:   274        SH:  0    Dex: 16    Spells: 1/12 levels left

rFire    . . .     SeeInvis .   s - +0 short sword (protect)
rCold    . . .     Gourm    .   (no shield)
rNeg     . . .     Faith    .   a - +2 robe
rPois    .         Spirit   +   (no helmet)
rElec    .         Reflect  .   (no cloak)
rCorr    .         Harm     .   (no gloves)
MR       +....                  t - +0 pair of boots
Stlth    ++........             (no amulet)
HPRegen  0.56/turn              f - +6 ring of intelligence (curse)
MPRegen  0.13/turn              (no ring)

@: frozen ramparts
A: fangs 3, hooves 1, regeneration 1, robust 1, weak 1, magic shield, antimagic
bite, no potion heal 3, rot immunity
a: Draw Escape, Draw Destruction, Draw Summoning, Renounce Religion


You were on level 7 of the Dungeon.
You worshipped Nemelex Xobeh.
Nemelex Xobeh was aware of your devotion.
You were hungry.

You visited 1 branch of the dungeon, and saw 7 of its levels.

You collected 274 gold pieces.

Inventory:

Hand Weapons
 i - a +3 dagger of speed
 s - a +0 short sword of protection (weapon)
Missiles
 j - 12 poisoned darts (quivered)
 k - 6 silver boomerangs
Armour
 a - a +2 robe (worn)
 q - a cursed +0 leather armour
 r - quicksilver dragon scales
 t - a +0 pair of boots (worn)
Jewellery
 f - a cursed +6 ring of intelligence (left hand)
Scrolls
 d - 4 scrolls of identify
 g - a scroll of enchant weapon
 h - 2 scrolls of amnesia
 l - 4 scrolls of remove curse
 m - 5 scrolls of teleportation
Potions
 e - a potion of might {unknown}
 n - 3 potions of flight {unknown}
 o - a potion of brilliance {unknown}
 p - 2 potions of curing
Comestibles
 b - 3 chunks of flesh
 c - 9 rations


   Skills:
 + Level 3.9 Fighting
 + Level 1.8 Armour
 - Level 1.5 Dodging
 - Level 2.4 Stealth
 - Level 0.7 Unarmed Combat
 - Level 2.4 Spellcasting
 + Level 3.9 Summonings
 - Level 10.7 Ice Magic


You had one spell level left.
You knew the following spells:

 Your Spells              Type           Power        Failure   Level  Hunger
a - Freeze                Ice            ####         1%          1    None
b - Frozen Ramparts       Ice            #####.       1%          3    ###....
c - Summon Ice Beast      Ice/Summ       ####....     6%          4    ####...
d - Stone Arrow           Conj/Erth      #.....       36%         3    ###....

Your spell library contained the following spells:

 Spells                   Type           Power        Failure   Level  Hunger
 Sandblast                Erth           #.....       13%         1    None
 Ozocubu's Armour         Chrm/Ice       ####....     4%          3    ###....
 Hailstorm                Conj/Ice       ####....     14%         4    ####...
 Passwall                 Tmut/Erth      #.......     21%         2    ##.....
 Petrify                  Tmut/Erth      #.......     78%         4    ####...
 Lee's Rapid Deconstruct  Erth           #.........   98%         5    ######.


Dungeon Overview and Level Annotations

Branches:
Dungeon (7/15)             Temple (0/1) D:4

Altars:
Ashenzari
Gozag
Nemelex Xobeh
Okawaru
Ru
Yredelemnul

Shops:
D:5 (}?%

Annotations:
D:4 2 transporters, patan's ghost, amateur TrMo
D:5 1 runed translucent door, Crazy Yiuf


Innate Abilities, Weirdness & Mutations

You have razor-sharp teeth.
Your natural rate of healing is unusually fast.
When hurt, damage is shared between your health and your magic reserves.
Your bite disrupts and absorbs the magic of your enemies.
Potions cannot restore your health.
You are immune to rotting.
You have large cloven feet.
You are robust. (+10% HP)
You are weak. (Str -2)


Message History

You don't have enough magic to cast that spell.
An orc comes into view. It is wielding a +0 hand axe.
The orc shouts!
You hear a loud, deep croak!
You hear a shout!
An orc wizard comes into view. It is wielding a +0 dagger.
The orc warrior hits your ice beast with a +0 halberd!!
Your ice beast dies!
Found a hat and a glowing giant spiked club.
Casting: Summon Ice Beast (dangerous; 6% risk of failure)
Confirm with . or Enter, or press ? or * to list all spells.
The walls around you are covered in ice.
A bullfrog comes into view.
The wall freezes the orc priest!
The wall freezes the orc!
You kill the orc!
The wall freezes the orc wizard! x2
The orc wizard gestures at you while chanting.
The puff of flame hits you.
The cyclops throws a large rock.
The large rock hits you!!!
Ouch! That really hurt!
You die...
Your body disappears without a glow.

..... ..... #. .....
#.###. ......+.. .....
......#..###.###
........##.....##
...#...##..#.#..## l
......##...#.##..## .#
......#....#..#.@)# .o.
......#....#....#o#.}c
........##......#oF.
......#.##...Co##†#.[)
##.#..#....#...†).#.....
...#..##..##[....## #.##
...#...##..#....## ...
...#...[##.....## ..
##.......###.###


You could see a cyclops, an orc warrior, a bullfrog, an orc priest and an orc
wizard.

Vanquished Creatures
  Prince Ribbit (D:5)
  Edmund (D:5)
  Duvessa (D:6)
  An orc warrior (D:6)
  A black bear (D:6)
  An ogre (D:5)
  A centaur (D:5)
  4 bullfrogs (D:6)
  Dowan (D:6)
  3 scorpions
  2 howler monkeys (D:6)
  2 crimson imps
  A bullfrog zombie (D:6)
  A centaur zombie (D:7)
  4 hounds
  5 orc priests
  4 iguanas
  4 orc wizards
  Terence (D:3)
  3 worker ants
  A killer bee zombie (D:5)
  A hound skeleton (D:5)
  6 adders
  An ooze (D:5)
  2 adder skeletons
  2 worms
  4 dart slugs
  3 leopard geckos
  19 orcs
  4 giant cockroaches
  5 goblins
  5 hobgoblins
  5 jackals
  4 quokkas
  9 bats
  5 frilled lizards
  7 kobolds
  A quokka skeleton (D:6)
  7 rats
133 creatures vanquished.

Vanquished Creatures (collateral kills)
  An orc wizard (D:6)
  2 orcs (D:6)
3 creatures vanquished.

Grand Total: 136 creatures vanquished

Notes
Turn   | Place    | Note
-------+----------+-------------------------------------------
     0 | D:1      | DogServant the Vine Stalker Ice Elementalist began the
                  | quest for the Orb.
     0 | D:1      | Reached XP level 1. HP: 9/9 MP: 4/4
   168 | D:1      | Reached XP level 2. HP: 13/13 MP: 3/6
   682 | D:1      | Reached XP level 3. HP: 16/16 MP: 7/7
  1083 | D:2      | Reached skill level 5 in Ice Magic
  1617 | D:2      | Gained mutation: Your natural rate of healing is unusually
                  | fast. [Vine Stalker growth]
  1617 | D:2      | Reached XP level 4. HP: 17/21 MP: 2/8
  1622 | D:2      | Learned a level 3 spell: Frozen Ramparts
  1753 | D:3      | Found a sacrificial altar of Ru.
  2069 | D:3      | Reached XP level 5. HP: 18/24 MP: 5/9
  2172 | D:3      | Found an opulent altar of Gozag.
  2236 | D:3      | Noticed Terence
  2245 | D:3      | Killed Terence
  2245 | D:3      | Reached skill level 6 in Ice Magic
  2488 | D:4      | Reached XP level 6. HP: 21/28 MP: 3/10
  2589 | D:4      | Found a transporter.
  2610 | D:4      | Reached skill level 7 in Ice Magic
  2693 | D:4      | Found a shattered altar of Ashenzari.
  2965 | D:4      | Gained mutation: You are weak. (Str -2) [potion of
                  | mutation]
  2965 | D:4      | Gained mutation: You have large cloven feet. [potion of
                  | mutation]
  2965 | D:4      | Gained mutation: You are robust. (+10% HP) [potion of
                  | mutation]
  3137 | D:4      | Found a staircase to the Ecumenical Temple.
  3220 | D:4      | Found a transporter.
  3220 | D:4      | Noticed patan's ghost (amateur TrMo)
  3285 | D:4      | Noticed a phantom
  3298 | D:4      | HP: 1/30 [phantom (5)]
  3526 | D:4      | Reached skill level 8 in Ice Magic
  3526 | D:4      | Reached XP level 7. HP: 31/35 MP: 6/11
  3573 | D:5      | Entered Level 5 of the Dungeon
  3593 | D:5      | Found Lyle's Magic Scroll Emporium.
  3802 | D:5      | Found Ofuth's Weapon Shoppe.
  3834 | D:5      | Found a runed translucent door.
  3835 | D:5      | Noticed Crazy Yiuf
  3852 | D:5      | Found Wafecoc's Gadget Emporium.
  3923 | D:5      | Reached skill level 9 in Ice Magic
  4059 | D:5      | Noticed Prince Ribbit
  4066 | D:5      | Killed Prince Ribbit
  4066 | D:5      | Gained mutation: You have razor-sharp teeth. [Vine Stalker
                  | growth]
  4066 | D:5      | Reached XP level 8. HP: 24/39 MP: 2/12
  4196 | D:5      | Found a sparkling altar of Nemelex Xobeh.
  4207 | D:5      | Reached skill level 10 in Ice Magic
  4214 | D:5      | Became a worshipper of Nemelex Xobeh the Trickster
  4285 | D:5      | Received a gift from Nemelex Xobeh
  4319 | D:5      | Found Esemm's Food Emporium.
  4351 | D:5      | Noticed Edmund
  4364 | D:5      | Killed Edmund
  4746 | D:6      | Learned a level 4 spell: Summon Ice Beast
  4750 | D:6      | Learned a level 3 spell: Stone Arrow
  4791 | D:6      | Reached skill level 1 in Fighting
  4921 | D:6      | Reached skill level 1 in Summonings
  5204 | D:6      | Reached XP level 9. HP: 47/47 MP: 9/13
  5435 | D:6      | Reached * piety under Nemelex Xobeh
  5486 | D:6      | Noticed Duvessa
  5486 | D:6      | Noticed Dowan
  5493 | D:6      | Killed Duvessa
  5493 | D:6      | Reached skill level 1 in Armour
  5504 | D:6      | Killed Dowan
  5548 | D:6      | Found a basalt altar of Yredelemnul.
  5549 | D:6      | Found an iron altar of Okawaru.
  6219 | D:7      | Received a gift from Nemelex Xobeh
  6232 | D:7      | Noticed a cyclops
  6234 | D:7      | Identified the +11 battleaxe of Honour {vorpal, rPois rC+}
  6247 | D:7      | Hit by a large rock thrown by a cyclops

Illustrated notes

Levels and vault maps discovered:
D:1:      lemuel_arrival_behind_the_door_small, layout_loops_ring
D:2:      layout_basic
D:3:      layout_basic, nicolae_ru_sacrificial_ziggurat,
          grunt_gozag_breadcrumbs, uniq_terence
D:4:      layout_loops_ring, cheibrodos_ashenzari_chains,
          minmay_temple_entry_antechambers, gammafunk_ghost_mausoleum
D:5:      layout_rooms, serial_shops, nicolae_shop_behind_doors, shop,
          nicolae_shop_statue_plus, shop, first_ration,
          nemelex_dance_club_becter, uniq_crazy_yiuf_cottage,
          uniq_prince_ribbit1, uniq_edmund
D:6:      layout_loops_ring, minitemple, nicolae_zen_rock_garden, uniq_duvessa
D:7:      minmay_the_grid_octo_tiled_squarecenter
          [minmay_the_grid_octo_tetromino_candy,
          minmay_the_grid_octo_vomiting_pacman, minmay_the_grid_octo_toaster,
          minmay_the_grid_octo_chip, minmay_the_grid_square_5x5_megaprize_open,
          minmay_the_grid_square_5x5_minivault,
          minmay_the_grid_square_5x5_three_small,
          minmay_the_grid_square_5x5_spiral,
          minmay_the_grid_square_5x5_broken_cross], layout_basic,
          grunt_livestock

Skill      XL: |  1  2  3  4  5  6  7  8  9 |
---------------+----------------------------+-----
Ice Magic      | 5 6 8 9 10 | 10.7
Fighting       | 2 3 |  3.9
Summonings     | 2 3 |  3.9
Armour         | 1 |  1.8
Dodging        | |  1.5
Stealth        | |  2.4
Unarmed Combat | |  0.7
Spellcasting   | |  2.4

Action                   |  1- 3 |  4- 6 |  7- 9 || total
-------------------------+-------+-------+-------++-------
Melee: Unarmed           |     8 |       |       ||     8
       Bite              |    15 |    21 |    27 ||    63
       Short sword       |    25 |       |    20 ||    45
       Dagger            |    14 |    86 |    78 ||   178
       Kick              |       |     7 |    24 ||    31
       Punch             |       |       |     2 ||     2
 Cast: Freeze            |    30 |    16 |    15 ||    61
       Frozen Ramparts   |       |     9 |    28 ||    37
       Summon Ice Beast  |       |       |     3 ||     3
Invok: Draw Destruction  |       |       |     3 ||     3
  Use: Scroll            |       |     6 |     2 ||     8
       Potion            |       |     2 |       ||     2
 Stab: Sleeping          |     9 |    11 |     4 ||    24
  Eat: Chunk             |     2 |     7 |    12 ||    21
Armor: Robe              |    11 |    10 |    12 ||    33
Dodge: Dodged            |    49 |    42 |    79 ||   170
